 Dungeon Crawl Stone Soup version 0.26-a0-831-g7192265339 (webtiles) character file.

Game seed: 149064782608241479

121 jasper the Vexing (level 4, -5/38 HPs)
             Began as a Palentonga Arcane Marksman on Nov 16, 2020.
             Slain by Grinder (6 damage)
             ... on level 3 of the Dungeon.
             The game lasted 00:02:27 (2611 turns).

jasper the Vexing (Palentonga Arcane Marksman)      Turns: 2611, Time: 00:02:28

Health: -5/38      AC:  5    Str: 14    XL:     4   Next: 77%
Magic:  5/5        EV:  9    Int: 14    God:
Gold:   105        SH:  0    Dex: 10    Spells: 4/5 levels left

rFire    . . .     SeeInvis +   a - +0 shortbow
rCold    . . .     Faith    .   (shield currently unavailable)
rNeg     . . .     Spirit   .   f - +0 ring mail
rPois    .         Reflect  .   (no helmet)
rElec    .         Harm     .   (no cloak)
rCorr    .         Rampage  .   (no gloves)
MR       .....                  (no barding)
Stlth    ..........             (no amulet)
HPRegen  0.12/turn              d - ring of see invisible
MPRegen  0.09/turn              (no ring)

@: hasted, very quick
A: large, rugged brown scales 3, see invisible, deformed body, roll 1, armoured
tail
a: Rolling Charge


You were on level 3 of the Dungeon.
You visited 1 branch of the dungeon, and saw 3 of its levels.

You collected 105 gold pieces.

Inventory:

Hand Weapons
 a - a +0 shortbow (weapon)
Missiles
 g - 21 arrows (quivered)
Armour
 c - a +0 leather armour
 e - a +0 robe
 f - a +0 ring mail (worn)
Jewellery
 d - a ring of see invisible (left hand)
Scrolls
 h - 2 scrolls of identify {unknown}
 l - 2 scrolls of fog {unknown}
Potions
 i - a potion of haste
 j - a potion of lignification {unknown}
 k - a potion of heal wounds {unknown}
 m - 2 potions of resistance {unknown}
 n - a potion of cancellation {unknown}
 o - a potion of attraction {unknown}


   Skills:
 + Level 2.1 Fighting
 * Level 2.8 Bows
 + Level 1.3 Armour
 + Level 2.3 Dodging
 - Level 1.0 Spellcasting
 - Level 3.0 Hexes


You had 4 spell levels left.
You knew the following spells:

 Your Spells              Type           Power        Failure   Level
a - Corona                Hex            #......      16%         1

Your spell library contained the following spells:

 Spells                   Type           Power        Failure   Level
 Slow                     Hex            #.......     24%         2
 Inner Flame              Hex/Fire       #.......     65%         3
 Portal Projectile        Hex/Tloc       #.....       65%         3
 Cause Fear               Hex            #.........   83%         4
 Leda's Liquefaction      Hex/Erth       #.........   96%         4


Dungeon Overview and Level Annotations

Branches:
Dungeon (3/15)

Altars:

Annotations:
D:3 Grinder


Innate Abilities, Weirdness & Mutations

You are completely covered in rugged brown scales. (AC +3, +7% HP)
You have supernaturally acute eyesight. (SInv)
Armour fits poorly on your strangely shaped body.
You can roll at nearby foes to attack.
You have a long armoured tail.


Message History

You take 11 damage, and have 11/38 hp.
MASSIVE DAMAGE!!
Firing (i - inventory)
g - 24 arrows (quivered)
Press: ? - help, Shift-Dir - straight line, f/p - Grinder
Aim: Grinder (moderately wounded)
You shoot an arrow. The arrow barely misses Grinder.
Firing (i - inventory)
g - 23 arrows (quivered)
Press: ? - help, Shift-Dir - straight line, f/p - Grinder
Aim: Grinder (moderately wounded)
You shoot an arrow. The arrow barely misses Grinder.
Grinder gestures at you. Pain shoots through your body!
* * * LOW HITPOINT WARNING * * *
You take 10 damage, and have 1/38 hp.
MASSIVE DAMAGE!!
Firing (i - inventory)
g - 22 arrows (quivered)
Press: ? - help, Shift-Dir - straight line, f/p - Grinder
Aim: Grinder (moderately wounded)
You shoot an arrow. The arrow hits Grinder.
Grinder is moderately wounded.
Grinder hits you.
You die...

#.# ##'## #.
#.# #.# ##
##.########
..##.........#
#.#.....####.#
#.##...##
#.###.###.###.#
#.....@5(....(#
#####(###.#####
#. #.# .. #..
### #.## #.#
#.# .#


You could see Grinder.

Vanquished Creatures
  Jessica (D:3)
  4 adders
  A gnoll (D:1)
  A worm (D:2)
  A dart slug (D:1)
  4 leopard geckos
  A giant cockroach (D:3)
  4 goblins
  7 hobgoblins
  4 jackals (D:2)
  A quokka (D:2)
  3 ball pythons
  2 bats
  4 frilled lizards
  4 kobolds
  3 rats
45 creatures vanquished.

Vanquished Creatures (others)
  A plant (D:1)
1 creature vanquished.

Grand Total: 46 creatures vanquished

Notes
Turn   | Place    | Note
-------+----------+-------------------------------------------
     0 | D:1      | jasper the Palentonga Arcane Marksman began the quest for
                  | the Orb.
     0 | D:1      | Reached XP level 1. HP: 17/17 MP: 2/2
   380 | D:1      | Reached XP level 2. HP: 24/24 MP: 3/3
   860 | D:1      | Reached XP level 3. HP: 29/29 MP: 4/4
  1535 | D:2      | Reached skill level 1 in Armour
  2255 | D:3      | Reached XP level 4. HP: 34/38 MP: 5/5
  2559 | D:3      | Noticed Jessica
  2565 | D:3      | Killed Jessica
  2592 | D:3      | Noticed Grinder
  2594 | D:3      | Paralysed by Grinder for 4 turns
  2610 | D:3      | HP: 1/38 [Grinder/nerve-wracking pain (10)]
  2611 | D:3      | Slain by Grinder

Illustrated notes

Levels and vault maps discovered:
D:1:      dpeg_arrival_boxes_within_box, layout_basic, chequers_big_river,
          grunt_decor_cap, minmay_tree_intersection,
          minmay_misc_feat_four_crosses
D:2:      layout_loops_cross
D:3:      layout_loops_corners, gammafunk_temple_overflow_statue,
          yredelemnul_forgotten_temple_becter, chequers_ecumenical_altar_simple,
          uniq_grinder, uniq_robin, uniq_jessica

Skill      XL: |  1  2  3  4 |
---------------+-------------+-----
Bows           | 2 |  2.8
Dodging        | 2 |  2.3
Armour         | 1 |  1.3
Fighting       | 2 |  2.1
Spellcasting   | |  1.0
Hexes          | |  3.0

Action                   |  1- 3 |  4- 6 || total
-------------------------+-------+-------++-------
Melee: Unarmed           |     6 |       ||     6
       Tailslap          |     1 |       ||     1
 Fire: Shortbow          |   151 |    37 ||   188
 Abil: Rolling Charge    |     1 |       ||     1
  Use: Scroll            |     3 |       ||     3
       Potion            |       |     5 ||     5
Armor: Ring mail         |    21 |    11 ||    32
Dodge: Dodged            |    34 |    10 ||    44

Table legend: (Time is in decaauts)
 A = Elapsed time spent in this place.
 B = Non-inter-level travel time spent in this place.
 C = Inter-level travel time spent in this place.
 D = Time resting spent in this place.
 E = Time spent auto-exploring this place.
 F = Levels seen in this place.
 G = Mean time per level.
                   A        B        C        D        E       F      G
               +--------+--------+--------+--------+--------+-----+--------+
         Total |   2660 |   2622 |     38 |    100 |   2112 |   3 |  886.7 |
       Dungeon |   2660 |   2622 |     38 |    100 |   2112 |   3 |  886.7 |
               +--------+--------+--------+--------+--------+-----+--------+

Top non-repeatable levels by time:
     D:1: 1370 daAuts
     D:2: 906 daAuts
     D:3: 383 daAuts
